 Dungeon Crawl Stone Soup version 0.32-a0-909-gc671339a80 (webtiles) character file.

Game seed: 16888946187396862077

1458738 Daunt the Warrior (level 26, 197/197 HPs)
             Began as a Coglin Hunter on Apr 7, 2024.
             Was the Champion of Ru.
             Escaped with the Orb
             ... and 3 runes on Apr 9, 2024!
             The game lasted 09:21:49 (96102 turns).

Daunt the Warrior (Coglin Hunter)                  Turns: 96102, Time: 09:21:50

Health: 197/197    AC: 16    Str: 11    XL:     26
Magic:  27/27      EV: 22    Int: 15    God:    Ru [******]
Gold:   2747       SH:  0    Dex: 24    Spells: 13/49 levels left

rFire   + + .        G - +8 hand cannon (freeze) {Ankherfenedjef}
rCold   + . .        s - +1 hand cannon (drain) {Ximena}
rNeg    . . .        r - +3 leather armour {rC+ rF+}
rPois   +            (helmet restricted)
rElec   +            n - +2 cloak {rPois}
rCorr   +            J - +1 pair of gloves of the Loofah {+Blink rCorr SInv}
SInv    +            i - +2 pair of boots {Fly}
Will    +....        (amulet unavailable) Stlth
                     (ring unavailable)
HPRegen 0.52/turn    (ring unavailable)
MPRegen 0.20/turn    X - emergency scope {rElec Slay+3 Clar RMsl}

%: repel missiles, clarity
@: flying, studying 2 skills, revving
A: clumsy 1, low MP 3, inability to drink after injury 2, no stealth, unskilled
1, inexperienced 1, no forms, off-hand wielding, slow wielding, warmup strikes,
no jewellery, antennae 1, clever 1, deformed body, fire resistance 1, frail 1,
persistent drain
0: Orb of Zot
}: 3/15 runes: barnacled, slimy, gossamer
a: Renounce Religion, Evoke Blink, Draw Out Power, Power Leap, Apocalypse


You escaped.
You worshipped Ru.
Ru was exalted by your worship.
You visited 11 branches of the dungeon, and saw 52 of its levels.
You also visited: Ossuary, Bailey and Ice Cave.

You collected 7364 gold pieces.
You spent 4617 gold pieces at shops.

Inventory:

Hand Weapons
 s - a +1 hand cannon of draining (offhand) {Ximena}
 G - a +8 hand cannon of freezing (weapon) {Ankherfenedjef}
 Y - a +2 hand cannon of flaming {Gabriela}
Missiles
 d - 5 darts of dispersal
 g - 60 poisoned darts
 u - 11 curare-tipped darts
 L - 11 atropa-tipped darts
 Q - 8 throwing nets
Armour
 i - a +2 pair of boots of flying (worn)
 n - a +2 cloak of poison resistance (worn)
 r - a +3 leather armour of resistance (worn)
 F - a +2 cloak of willpower
 J - the +1 pair of gloves of the Loofah (worn) {+Blink rCorr SInv}
   (You found it on level 3 of the Elven Halls)

   SInv:      It lets you see invisible.
   +Blink:    It lets you blink.
   rCorr:     It protects you from acid and corrosion.
 Z - the +1 helmet of the Riding Gods {rElec Str+6 SInv, useless}
   (You found it on level 13 of the Dungeon)

   Str+6:     It affects your strength (+6).
   rElec:     It insulates you from electricity.
   SInv:      It lets you see invisible.
Magical Staves
 t - the staff of Wrongful Imprisonment {Fly rF+ Conj Fire}
   (You found it on level 15 of the Dungeon)

   [staff of fire]

   Base accuracy: +5 Base damage: 5 Base attack delay: 1.2 This weapon's minimum
   attack delay (0.6) is reached at skill level 12.
   rF+:       It protects you from fire.
   Fly:       It grants you flight.
   Conj:      It increases the power of your Conjurations spells.
   Fire:      It increases the power of your Fire spells.
   It falls into the 'Staves' category.
   It is a one-graspered weapon.
Gizmo
 X - an emergency scope (installed) {rElec Slay+3 Clar RMsl}
   (You invented it yourself on level 5 of the Lair of Beasts)

   [emergency scope]

   Slay+3:    It affects your accuracy & damage with ranged weapons and melee
   (+3).
   rElec:     It insulates you from electricity.
   Clar:      It protects you from confusion, rage, mesmerisation and fear.
   RMsl:      It protects you from missiles.
Wands
 p - a wand of acid (21)
 w - a wand of polymorph (25)
 H - a wand of mindburst (32)
 O - a wand of paralysis (34)
 R - a wand of roots (58)
 T - a wand of digging (4)
Scrolls
 e - 11 scrolls of immolation
 j - a scroll of blinking
 k - 17 scrolls of amnesia
 m - 3 scrolls of revelation
 o - 11 scrolls of teleportation
 q - 9 scrolls of fear
 v - 8 scrolls of poison
 y - 5 scrolls of silence
 C - 7 scrolls of fog
 I - 9 scrolls of enchant armour
 N - 10 scrolls of vulnerability
 U - 4 scrolls of torment
 W - 5 scrolls of summoning
Potions
 a - 3 potions of resistance
 b - 6 potions of attraction
 c - 14 potions of curing
 f - 5 potions of magic
 l - 9 potions of heal wounds
 z - 4 potions of mutation
 A - 3 potions of haste
 B - 4 potions of cancellation
 D - 10 potions of ambrosia
 E - 6 potions of invisibility
 K - 9 potions of brilliance
 S - 4 potions of enlightenment
Miscellaneous
 h - a lightning rod (4/4)
 M - a box of beasts
 P - a condenser vane
 V - a phantom mirror


   Skills:
 - Level 20.4 Fighting
 - Level 18.0 Ranged Weapons
 - Level 16.0 Armour
 - Level 13.3 Dodging
 - Level 12.0 Spellcasting
 - Level 19.0 Hexes
 - Level 7.0 Translocations
 - Level 7.0 Air Magic
 - Level 5.0 Earth Magic
 - Level 7.0 Alchemy
 + Level 18.9 Evocations


You had 13 spell levels left.
You knew the following spells:

 Your Spells              Type           Power      Damage    Failure   Level
b - Blink                 Tloc           60%        N/A       1%          2
d - Dimensional Bullseye  Hex/Tloc       24%        N/A       1%          4
e - Enfeeble              Hex            30%        N/A       3%          7
g - Passage of Golubria   Tloc           30%        N/A       5%          4
p - Passwall              Erth           24%        N/A       3%          3
s - Silence               Hex/Air        24%        N/A       1%          5
t - Tukima's Dance        Hex            60%        N/A       0%          3
w - Swiftness             Air            30%        N/A       1%          3
y - Yara's Violent Unrav  Hex/Alch       24%        3d11      1%          5

Your spell library contained the following spells:

 Spells                   Type           Power      Damage    Failure   Level
 Jinxbite                 Hex            100%       N/A       0%          2
 Apportation              Tloc           60%        N/A       1%          1
 Sandblast                Erth           48%        2d12      1%          1
 Ensorcelled Hibernation  Hex/Ice        74%        N/A       1%          2
 Lesser Beckoning         Tloc           60%        N/A       1%          2
 Mercury Vapours          Alch/Air       60%        N/A       1%          2
 Dazzling Flash           Conj/Hex       74%        N/A       1%          3
 Inner Flame              Hex/Fire       37%        N/A       1%          3
 Maxwell's Portable Pile  Tloc           30%        2d(8-22)  1%          3
 Teleport Other           Tloc           30%        N/A       1%          3
 Cigotuvi's Dreadful Rot  Necr/Alch/Air  44%        N/A       2%          2
 Momentum Strike          Conj/Tloc      38%        3d9       3%          2
 Static Discharge         Conj/Air       38%        3-5/arc   3%          2
 Mephitic Cloud           Conj/Alch/Air  22%        N/A       4%          3
 Airstrike                Air            15%        2d(3-19)  5%          4
 Vhi's Electric Charge    Tloc/Air       60%        N/A       5%          4
 Metabolic Englaciation   Hex/Ice        18%        N/A       5%          5
 Summon Mana Viper        Hex/Summ       37%        N/A       5%          5
 Leda's Liquefaction      Alch/Erth      13%        N/A       8%          4
 Petrify                  Alch/Erth      27%        N/A       8%          4
 Foxfire                  Conj/Fire      36%        2x1d5     10%         1
 Magic Dart               Conj           36%        1d4       10%         1
 Summon Small Mammal      Summ           36%        N/A       10%         1
 Stone Arrow              Conj/Erth      32%        3d9       10%         3
 Call Imp                 Summ           18%        N/A       14%         2
 Scorch                   Fire           18%        2d5       14%         2
 Searing Ray              Conj           18%        2d5       14%         2
 Sublimation of Blood     Necr           9%         N/A       14%         2
 Alistair's Intoxication  Alch           20%        N/A       14%         5
 Fulminant Prism          Conj/Alch      9%         3d7       22%         4
 Ignite Poison            Fire/Alch      19%        N/A       22%         4
 Iskenderun's Mystic Bla Conj/Tloc 19%            2d6        (+2d2     22%         4
 Sticky Flame             Fire/Alch      19%        2d6       22%         4
 Summon Lightning Spire   Summ/Air       19%        N/A       22%         4
 Call Canine Familiar     Summ           9%         N/A       28%         3
 Ozocubu's Armour         Ice            9%         N/A       28%         3
 Summon Ice Beast         Ice/Summ       9%         N/A       28%         3
 Vampiric Draining        Necr           9%         2d6       28%         3
 Animate Armour           Summ/Erth      32%        N/A       32%         4
 Brom's Barrelling Bould  Conj/Erth      16%        2d4       32%         4
 Irradiate                Conj/Alch      9%         3d14      52%         5
 Summon Forest            Summ/Tloc      9%         N/A       52%         5
 Dispersal                Tloc           15%        N/A       63%         6
 Gell's Gavotte           Tloc           15%        2d(18-26) 63%         6
 Animate Dead             Necr           9%         N/A       67%         4
 Dispel Undead            Necr           9%         3d8       67%         4
 Flame Wave               Conj/Fire      9%         2d6       67%         4
 Martyr's Knell           Necr/Summ      9%         N/A       67%         4
 Summon Blazeheart Golem  Fire/Summ      9%         N/A       67%         4
 Borgnjor's Vile Clutch   Necr/Erth      8%         N/A       67%         5
 Freezing Cloud           Conj/Ice/Air   7%         6-21      71%         5
 Curse of Agony           Necr           9%         N/A       95%         5
 Fireball                 Conj/Fire      4%         3d4       95%         5
 Iskenderun's Battlesphe  Conj           9%         2d6       95%         5
 Conjure Ball Lightning   Conj/Air       9%         3x3d6     98%         6
 Bombard                  Conj/Erth      8%         9d2       99%         6
 Manifold Assault         Tloc           15%        N/A       99%         7
 Death Channel            Necr           4%         N/A       100%        6
 Starburst                Conj/Fire      4%         6d4       100%        6
 Summon Cactus Giant      Summ           4%         N/A       100%        6
 Haunt                    Necr/Summ      4%         N/A       100%        7
 Malign Gateway           Summ/Tloc      9%         N/A       100%        7
 Monstrous Menagerie      Summ           4%         N/A       100%        7
 Orb of Destruction       Conj           4%         9d5       100%        7
 Summon Hydra             Summ           4%         N/A       100%        7
 Disjunction              Tloc           15%        N/A       100%        8
 Ignition                 Fire           4%         3d4       100%        8
 Infestation              Necr           4%         N/A       100%        8
 Lehudib's Crystal Spear  Conj/Erth      8%         10d3      100%        8
 Maxwell's Capacitive Co  Air            15%        ∞         100%        8
 Summon Horrible Things   Summ           4%         N/A       100%        8
 Death's Door             Necr           4%         N/A       100%        9


Dungeon Overview and Level Annotations

Branches:
Dungeon (15/15)            Temple (1/1) D:5            Lair (5/5) D:10
 Shoals (4/4) Lair:2       Spider (4/4) Lair:2        Slime (5/5) Lair:5
    Orc (2/2) D:10            Elf (3/3) Orc:2        Vaults (4/5) D:13
  Crypt (0/3) Vaults:3     Depths (4/4) D:15            Zot (5/5) Depths:4
Ossuary (visited)          Bailey (visited)           IceCv (visited)

Altars:
Ashenzari
Cheibriados
Dithmenos
Elyvilon
Fedhas
Gozag
Hepliaklqana
Kikubaaqudgha
Makhleb
Nemelex Xobeh
Okawaru
Qazlal
Ru
Sif Muna
Trog
Uskayaw
Vehumet
Wu Jian
Xom
Yredelemnul
Zin
The Shining One
Beogh
Jiyva

Shops:
D:3 :   D:5 =   D:13 *   Orc:2 (=:*   Elf:1 *   Elf:2 [   Elf:3 :[=(
Shoals:1 ?   Shoals:4 [   Vaults:2 [:   Vaults:4 (:!   Depths:1 (

Portals:
Hell: Depths:1 Depths:2 Depths:3 Depths:4
Abyss: Depths:2 Depths:3 Depths:4
Pandemonium: Depths:2 Depths:4
Ziggurat: Depths:1
Trove: D:10 (give +6 demon trident)

Annotations:
D:14 Rupert
Lair:5 exclusion: obsidian statue
Elf:2 36 runed translucent doors
Vaults:4 2 transporters, Qecvurom's ghost, adept DrRe; Qimyqihi's ghost, adept VSFi
Abyss:1 Louise


Innate Abilities, Weirdness & Mutations

You are clumsy. (Dex -2)
Your magical capacity is extremely low. (-30% MP)
You sometimes lose the ability to drink potions when taking damage.
You cannot be stealthy.
You are somewhat unskilled. (-1 Apt)
You are somewhat inexperienced. (-1 XL)
You cannot voluntarily change form.
You can wield a second weapon in your off-hand.
It takes a long time for you to wield or remove held weapons.
Your first few attacks do less damage.
You cannot equip rings or amulets.
You have a pair of small antennae on your head.
Your mind is acute. (Int +4, Str/Dex -1)
Armour fits poorly on your strangely shaped body.
Your flesh is heat resistant. (rF+)
You are frail. (-10% HP)
Your health recovers twice as slowly from being drained.


Message History

You fly upwards.
There is a stone staircase leading down here.
A red devil comes into view.
It is wielding a +1 demon trident of electrocution.
You shoot a slug. The slug hits the red devil!
The red devil is moderately wounded.
You shoot a slug.
The slug completely misses the red devil.
You shoot a slug.
The slug hits the red devil but does no damage.
The red devil is moderately wounded.
You shoot a slug. The slug hits the red devil.
The red devil is heavily wounded.
You shoot a slug. The slug hits the red devil.
The red devil is heavily wounded.
You shoot a slug. The slug hits the red devil!
The slug freezes the red devil.
The red devil is almost dead.
You shoot a slug. The slug hits the red devil!!
You kill the red devil!
You shoot a slug.
A blizzard demon comes into view.
You shoot a slug.
The slug completely misses the blizzard demon.
You shoot a slug. The slug hits the blizzard demon!!
The slug freezes the blizzard demon.
The blizzard demon is moderately wounded.
You shoot a slug. The slug hits the blizzard demon!!
The slug freezes the blizzard demon.
The blizzard demon is severely wounded.
You shoot a slug.
The slug hits the blizzard demon but does no damage.
The blizzard demon is severely wounded.
You shoot a slug. The slug hits the blizzard demon!
The blizzard demon is almost dead.
You shoot a slug.
The slug barely misses the blizzard demon.
You shoot a slug. The slug hits the blizzard demon!!
You kill the blizzard demon!
You shoot a slug.
There is a staircase leading out of the dungeon here.
You have escaped!

# #.## # #..#### ###
#.....######## #..
##### #.##.........#
#.#
..^.######.##.~~~~~~~.#
#.#
###...........~.....~.#
#.#
#.#####.....~.....~.#
#.#
###.#####.)~~.~.~~..~.#
#.#
...........~..~.@~..~.#
#.#
.##.####...~..~..~..~.#
#.. ....#
##..~..~~.~.~~.# ###
....#####..~.....~....#
.##........~.....~....#
..#.#####..~~~~~~~.##.#
..#.# ##.........##.###
..#.#
##...##.##.......#
#.#.#
##.....#.######.#.##


There were no monsters in sight!

Vanquished Creatures
  the Royal Jelly (Slime:5)
  11 orbs of fire
  2 ancient liches (Zot:5)
  Sojobo (Vaults:2)
  Josephina (Zot:4)
  Bai Suzhen (Depths:2)
  Boris (Vaults:1)
  Margery (Vaults:4)
  3 Killer Klowns (Zot:5)
  4 curse toes
  10 golden dragons
  Nikola (Lair:2)
  A pandemonium lord (Zot:4)
  A Brimstone Fiend (Depths:3)
  Arachne (Spider:2)
  2 electric golems (Zot:5)
  A hellephant (Vaults:4)
  28 Orb Guardians
  9 tentacled monstrosities
  Zenata (Vaults:2)
  A Hell Sentinel (Depths:2)
  A lich (Depths:2)
  2 deep elf master archers (Elf:3)
  2 deep elf blademasters (Elf:3)
  A kraken (Shoals:3)
  6 quicksilver dragons
  13 acid blobs
  4 sphinxes
  Polyphemus (Shoals:2)
  6 death cobs
  3 tengu reavers
  12 storm dragons
  11 shadow dragons
  11 rockslimes
  4 deep elf sorcerers (Elf:3)
  7 azure jellies
  Donald (Spider:1)
  Aizul (Vaults:1)
  7 draconian monks
  Ilsuiw (Shoals:4)
  4 emperor scorpions (Spider:4)
  6 protean progenitors
  3 iron dragons
  8 fire giants
  10 draconian shifters
  9 draconian knights
  6 deep elf elementalists
  4 frost giants
  12 vault wardens
  8 ghost moths
  13 draconian annihilators
  An orc warlord (Orc:1)
  6 draconian stormcallers
  5 draconian scorchers
  A reaper (D:12)
  19 ironbound preservers
  2 broodmothers
  10 very ugly things
  2 formless jellyfish
  6 spriggan defenders
  4 ironbound thunderhulks
  7 quicksilver oozes
  5 stone giants
  A lorocyproca (D:7)
  5 vampire knights
  7 deep elf death magi
  5 deep elf demonologists (Elf:3)
  9 yellow draconians
  14 black draconians
  15 red draconians
  3 deep elf annihilators (Elf:3)
  A minotaur (Shoals:3)
  8 green draconians
  9 purple draconians
  15 dire elephants
  12 white draconians
  2 blizzard demons
  4 spark wasps
  6 merfolk javelineers
  2 deep elf high priests (Elf:3)
  9 ettins
  A crystal guardian (Vaults:4)
  9 fire dragons
  9 merfolk impalers
  6 great orbs of eyes
  9 yaktaur captains
  Harold (D:10)
  8 entropy weavers
  2 rakshasas
  12 vault guards
  3 hydras
  6 ice dragons
  4 jorogumos
  A peacekeeper (Vaults:4)
  6 spriggan air magi
  An ogre mage (Vaults:3)
  5 merfolk avatars
  4 alligator snapping turtles
  3 catoblepae
  8 ironbound frosthearts
  3 radroaches
  23 dancing weapons
  25 centaur warriors
  10 boulder beetles
  A boulder beetle (shapeshifter) (D:15)
  3 merfolk aquamancers
  5 orc high priests (Orc:2)
  11 two-headed ogres
  9 deep troll earth magi
  8 deep troll shamans
  8 satyrs
  A vampire mage (Depths:1)
  A tengu warrior (Depths:2)
  7 death yaks
  10 demonic crawlers
  2 occultists
  10 spriggan berserkers
  A shock serpent (shapeshifter) (Depths:2)
  17 deep elf knights
  A sun demon (D:15)
  10 spriggans
  8 hell knights
  9 iron trolls
  A goliath frog (Zot:2)
  7 skysharks
  A spectral death yak (Lair:5)
  9 pharaoh ants
  5 skeletal warriors (D:13)
  15 deep elf archers
  2 fire crabs (D:15)
  A mana viper (shapeshifter) (Depths:2)
  11 orb spiders
  9 sea snakes
  2 bog bodies (IceCv)
  A spectral anaconda (Lair:5)
  A spriggan rider (Depths:3)
  3 glowing orange brains
  4 sun moths
  66 deep trolls
  9 arcanists
  2 lindwurms (Vaults:3)
  A mana viper (D:10)
  A lindwurm (shapeshifter) (Elf:1)
  9 necromancers
  18 harpies
  4 large abominations
  12 steelbarb worms
  10 orc knights
  4 phantasmal warriors
  19 deep elf pyromancers
  13 ironbound convokers
  6 thermic dynamos
  22 deep elf zephyrmancers
  A tengu zombie (Depths:3)
  28 ugly things
  3 orc sorcerers
  5 shining eyes
  7 cyclopes
  15 manticores
  22 wolf spiders
  3 salamanders (D:15)
  3 black mambas
  41 fauns
  A tengu skeleton (Depths:3)
  15 meliai
  34 moths of wrath
  12 merfolk sirens
  20 vault sentinels
  31 elephants
  4 rust devils
  An ice statue (IceCv)
  6 water nymphs
  2 torpor snails
  12 cane toads
  A torpor snail (shapeshifter) (Elf:1)
  4 eyes of devastation
  A dire elephant skeleton (Lair:5)
  A storm dragon simulacrum (Zot:4)
  A hellion (D:9)
  A gargoyle (D:15)
  An unseen horror (shapeshifter) (D:11)
  10 rime drakes
  3 unseen horrors
  13 komodo dragons
  2 efreet
  6 kobold demonologists
  23 yaktaurs
  A golden dragon simulacrum (Zot:4)
  2 freezing wraiths
  2 tengu conjurers (D:11)
  37 merfolk
  A troll (shapeshifter) (D:14)
  A red devil (D:1)
  6 trolls
  10 hornets
  3 polar bears
  5 wind drakes
  A hellwing (Zot:4)
  2 raiju (D:15)
  47 tarantellas
  5 blink frogs
  4 tyrant leeches
  29 jumping spiders
  3 glass eyes
  A raiju (shapeshifter) (D:15)
  An iron dragon simulacrum (Depths:3)
  11 dream sheep
  13 snapping turtles
  4 air elementals
  14 water elementals
  26 culicivoras
  100 slime creatures
  2 dire elephant simulacra (IceCv)
  A wraith (D:11)
  A shadow (D:10)
  A basilisk (shapeshifter) (Elf:1)
  73 yaks
  10 wyverns
  A yak (shapeshifter) (Elf:1)
  7 basilisks
  9 golden eyes
  A yellow draconian simulacrum (Zot:4)
  4 wargs
  58 redbacks
  20 vampire mosquitoes
  4 chaos spawn
  A neqoxec (Zot:4)
  3 death yak simulacra
  A redback (shapeshifter) (D:15)
  3 spectral cane toads (Lair:5)
  8 small abominations (Depths:4)
  A swamp worm (shapeshifter) (Elf:1)
  A swamp worm (D:10)
  A glowing shapeshifter skeleton (Depths:3)
  A moth of wrath simulacrum (Zot:4)
  50 orc warriors
  22 water moccasins
  A laughing skull (Vaults:3)
  A sky beast (shapeshifter) (Elf:1)
  2 sky beasts (D:7)
  7 ogres
  A black bear (D:6)
  4 swamp drakes (Zot:4)
  2 ice beasts
  3 elephant zombies (Lair:5)
  12 wolves
  A boggart (D:15)
  15 centaurs
  A phantom (D:7)
  A weeping skull (Ossuary)
  3 kobold brigands
  14 bullfrogs
  6 two-headed ogre simulacra (IceCv)
  An earth elemental (Elf:1)
  3 scorpions
  4 wights (D:8)
  4 cane toad simulacra
  2 burial acolytes (Ossuary)
  5 elephant simulacra
  A killer bee (D:11)
  3 electric eels
  A bombardier beetle (D:7)
  3 howler monkeys
  2 human zombies (Ossuary)
  2 jellies
  29 orc priests
  Crazy Yiuf (D:7)
  2 gnoll boudas (D:8)
  4 hounds
  3 sleepcaps
  Natasha (twice) (D:3)
  An iguana (shapeshifter) (D:15)
  8 iguanas
  17 orc wizards
  4 hell rats (Lair:5)
  6 spriggan simulacra (IceCv)
  5 troll simulacra (IceCv)
  2 wolf simulacra (IceCv)
  5 hound zombies (Ossuary)
  2 mummies (Ossuary)
  Robin (D:2)
  11 gnolls
  3 adders
  4 naga simulacra (IceCv)
  A shadow imp (D:7)
  9 white imps
  12 ufetubi
  3 dart slugs
  3 ribbon worms
  98 orcs
  An endoplasm (D:2)
  2 giant cockroaches
  5 gnoll zombies (Ossuary)
  15 goblins
  18 hobgoblins
  4 jackals (D:1)
  12 kobolds
  2 quokkas
  2 ball pythons
  2 bats
  2 frilled lizards
  3 orc zombies (Ossuary)
  A quokka zombie (D:6)
  5 rats
  A rat zombie (D:6)
  5 aspiring fleshes
  5 tentacles (Shoals:3)
2375 creatures vanquished.

Vanquished Creatures (collateral kills)
  A pandemonium lord (Zot:4)
  Agnes (D:14)
  A protean progenitor (Zot:2)
  An emperor scorpion (Spider:4)
  A frost giant (Depths:2)
  A dire elephant (Lair:5)
  A boulder beetle (D:11)
  A demonic crawler (Spider:1)
  A cherub (Zot:4)
  2 deep trolls (Depths:1)
  A deep elf pyromancer (Elf:2)
12 creatures vanquished.

Vanquished Creatures (others)
  A tentacled monstrosity (Zot:4)
  2 draconian knights (Zot:5)
  A vault warden (Vaults:2)
  2 dire elephants
  A purple draconian (Zot:3)
  A deep elf high priest (Vaults:4)
  A deep elf knight (Elf:2)
  2 deep trolls (Vaults:4)
  An arcanist (D:15)
  A dancing weapon (Vaults:3)
  A harpy (Shoals:4)
  A wolf spider (Orc:2)
  A lindwurm (Lair:3)
  A deep elf zephyrmancer (Elf:2)
  A manticore (D:13)
  A moth of wrath (Zot:5)
  An elephant (Lair:1)
  A water nymph (Shoals:4)
  A rime drake (Zot:2)
  2 yaktaurs (Vaults:3)
  A jumping spider (Spider:3)
  A blink frog (Lair:4)
  2 redbacks
  An orc (Orc:1)
  7 tentacles (Shoals:3)
36 creatures vanquished.

Grand Total: 2423 creatures vanquished

Notes
Turn   | Place    | Note
-------+----------+-------------------------------------------
     0 | D:1      | Daunt the Coglin Hunter began the quest for the Orb.
     0 | D:1      | Reached XP level 1. HP: 16/16 MP: 1/1
   143 | D:1      | Reached XP level 2. HP: 22/22 MP: 2/2
   757 | D:2      | Reached XP level 3. HP: 28/28 MP: 3/3
  1243 | D:2      | Reached XP level 4. HP: 30/34 MP: 4/4
  1579 | D:3      | Found Paneorgh's Vocational Training.
  1592 | D:3      | Noticed Natasha
  1768 | D:3      | Reached skill level 3 in Fighting
  1777 | D:3      | Reached skill level 1 in Stealth
  1790 | D:3      | Noticed Robin
  1821 | D:2      | Killed Robin
  1995 | D:3      | Reached skill level 5 in Ranged Weapons
  1997 | D:3      | Reached XP level 5. HP: 41/41 MP: 5/5
  2466 | D:4      | Found a glowing golden altar of the Shining One.
  2554 | D:4      | Reached XP level 6. HP: 21/48 MP: 6/6
  3264 | D:5      | Entered Level 5 of the Dungeon
  3351 | D:5      | Reached skill level 4 in Fighting
  3541 | D:5      | Found a staircase to the Ecumenical Temple.
  3565 | Temple   | Entered the Ecumenical Temple
  3572 | Temple   | Became a worshipper of Ru the Awakened
  3597 | D:5      | Found Ulaxtoeq's Jewellery Shop.
  3711 | D:5      | Reached XP level 7. HP: 55/55 MP: 7/7
  3732 | D:5      | Found an opulent altar of Gozag.
  3741 | D:5      | Found a stormy altar of Qazlal.
  4121 | D:6      | Reached skill level 5 in Fighting
  4199 | D:6      | Found a sand-covered staircase.
  4216 | Ossuary  | Entered an ossuary
  4353 | Ossuary  | Reached skill level 1 in Armour
  4353 | Ossuary  | Reached XP level 8. HP: 51/62 MP: 8/8
  4884 | D:6      | Gained mutation: You cannot be stealthy. [Ru sacrifice]
  5622 | D:7      | Reached skill level 6 in Fighting
  5645 | D:7      | Reached XP level 9. HP: 61/69 MP: 9/9
  5647 | D:7      | Found a flagged portal.
  5690 | Bailey   | Entered a bailey
  6582 | Bailey   | Reached skill level 5 in Evocations
  6944 | Bailey   | Reached skill level 5 in Dodging
  7072 | Bailey   | Reached XP level 10. HP: 46/77 MP: 10/10
  7800 | D:7      | Reached skill level 10 in Ranged Weapons
  7848 | D:7      | Found a runed translucent door.
  7849 | D:7      | Noticed Crazy Yiuf
  8259 | D:8      | You fall into a shaft and drop 1 floor!
  8274 | D:9      | Gained mutation: You are clumsy. (Dex -2) [Ru sacrifice]
  8274 | D:9      | Reached * piety under Ru
  9647 | D:9      | Found a white marble altar of Elyvilon.
  9647 | D:9      | Found a hazy altar of Hepliaklqana.
  9768 | D:9      | Found an ancient bone altar of Kikubaaqudgha.
  9770 | D:9      | Found a radiant altar of Vehumet.
  9772 | D:9      | Found a shimmering blue altar of Sif Muna.
 10145 | D:10     | Entered Level 10 of the Dungeon
 10199 | D:10     | Noticed a kobold demonologist
 10314 | D:10     | Noticed a kobold demonologist
 10330 | D:10     | Killed a kobold demonologist
 10363 | D:10     | Noticed a two-headed ogre
 10366 | D:10     | a two-headed ogre changed into a mana viper
 10366 | D:10     | Noticed a mana viper
 10383 | D:10     | Killed a mana viper
 10384 | D:10     | Reached XP level 11. HP: 41/83 MP: 0/11
 10522 | D:10     | Found a staircase to the Lair.
 10598 | D:10     | Noticed a two-headed ogre
 10599 | D:10     | a two-headed ogre changed into a swamp worm
 11315 | D:10     | Found a portal to a secret trove of treasure.
 11323 | D:10     | Gained mutation: You are somewhat inexperienced. (-1 XL)
                  | [Ru sacrifice]
 11323 | D:10     | Reached XP level 10. HP: 77/77 MP: 10/10
 11323 | D:10     | Reached ** piety under Ru
 11323 | D:10     | Reached *** piety under Ru
 11342 | D:10     | Found a staircase to the Orcish Mines.
 11372 | D:10     | Found a roughly hewn altar of Beogh.
 11780 | D:10     | Reached skill level 7 in Fighting
 11870 | D:10     | Noticed a sun demon
 12100 | Lair:1   | Entered Level 1 of the Lair of Beasts
 12227 | Lair:1   | Reached skill level 5 in Armour
 12302 | Lair:1   | Noticed a seven-headed hydra
 12775 | Lair:1   | Killed a seven-headed hydra
 13015 | Lair:1   | Noticed Harold
 13042 | D:10     | Reached skill level 8 in Fighting
 13411 | D:11     | Reached XP level 11. HP: 28/87 MP: 11/11
 13775 | D:11     | Noticed a boulder beetle
 13796 | D:11     | Killed a boulder beetle
 14430 | D:11     | Reached skill level 9 in Fighting
 14882 | D:11     | Noticed a two-headed ogre
 14892 | D:11     | Killed a two-headed ogre
 14904 | D:11     | Noticed a two-headed ogre
 14915 | D:11     | Noticed a two-headed ogre
 15226 | D:11     | Noticed a centaur warrior
 15239 | D:11     | Killed a centaur warrior
 15677 | D:11     | Noticed a two-headed ogre
 15682 | D:11     | Killed a two-headed ogre
 15690 | D:11     | Killed a two-headed ogre
 15691 | D:11     | Reached skill level 10 in Fighting
 16099 | D:10     | Killed Harold
 16466 | Lair:1   | Reached XP level 12. HP: 75/97 MP: 12/12
 16801 | Lair:1   | Reached skill level 10 in Evocations
 18096 | Lair:1   | Gained mutation: You are somewhat unskilled. (-1 Apt) [Ru
                  | sacrifice]
 18096 | Lair:1   | Reduced skill Fighting to level 9
 18096 | Lair:1   | Reduced skill Evocations to level 10
 18096 | Lair:1   | Reached **** piety under Ru
 19943 | Lair:2   | Found a hole to the Spider Nest.
 20785 | Lair:2   | Found a staircase to the Shoals.
 20798 | Lair:2   | Found a hazy altar of Hepliaklqana.
 22541 | Lair:3   | Reached skill level 1 in Translocations
 22637 | Lair:3   | Reached XP level 13. HP: 101/101 MP: 13/13
 22671 | Lair:3   | Learned a level 2 spell: Blink
 22992 | Lair:3   | Acquired a manual of Spellcasting
 23153 | Lair:3   | Found a runed translucent door.
 23312 | Lair:3   | Reached skill level 1 in Spellcasting
 23651 | Lair:3   | Gained mutation: You occasionally lose the ability to drink
                  | potions when taking damage. [Ru sacrifice]
 23651 | Lair:3   | Gained mutation: You sometimes lose the ability to drink
                  | potions when taking damage. [Ru sacrifice]
 23651 | Lair:3   | Reached ***** piety under Ru
 24629 | Lair:4   | Found a frozen archway.
 24637 | IceCv    | Entered an ice cave
 24870 | IceCv    | Identified the +0 scale mail of the Feeding Gods {+Inv
                  | Str+2}
 25295 | IceCv    | Reached skill level 5 in Translocations
 26464 | Lair:4   | Reached skill level 5 in Spellcasting
 27391 | Lair:5   | Entered Level 5 of the Lair of Beasts
 27391 | Lair:5   | Found a viscous altar of Jiyva.
 27391 | Lair:5   | Found a staircase to the Slime Pits.
 27713 | Lair:5   | Learned a level 3 spell: Swiftness
 27936 | Lair:5   | Reached skill level 1 in Air Magic
 28343 | Lair:5   | Noticed a dire elephant
 28343 | Lair:5   | Noticed a dire elephant
 28343 | Lair:5   | Noticed a dire elephant
 28396 | Lair:5   | Found a shadowy altar of Dithmenos.
 28641 | Lair:5   | Identified the staff of Dust {Dex+3 Conj}
 28894 | Lair:5   | Identified the +5 dagger of the Philosopher {holy, rF+
                  | rCorr Str-3 Int+5}
 29274 | Lair:5   | Reached XP level 14. HP: 70/102 MP: 24/24
 29274 | Lair:5   | Acquired an emergency scope {rElec Slay+3 Clar RMsl}
 29930 | D:3      | Killed Natasha
 29947 | D:3      | Noticed Natasha
 29952 | D:3      | Killed Natasha
 30113 | D:7      | Killed Crazy Yiuf
 30433 | Lair:3   | Reached skill level 5 in Air Magic
 30597 | Orc:1    | Entered Level 1 of the Orcish Mines
 30597 | Orc:1    | Found a radiant altar of Vehumet.
 31236 | Orc:2    | Entered Level 2 of the Orcish Mines
 31354 | Orc:2    | Found a staircase to the Elven Halls.
 31365 | Orc:2    | Noticed an orc warlord
 31547 | Orc:1    | Killed an orc warlord
 31761 | Orc:2    | Noticed an orc warlord
 31812 | Orc:2    | an orc warlord changed into a wolf spider
 32486 | Orc:2    | Reached skill level 10 in Spellcasting
 32490 | Orc:2    | Learned a level 3 spell: Passwall
 32576 | Orc:2    | Reached skill level 1 in Earth Magic
 32857 | Orc:2    | Found Riuzany's Antique Weapon Emporium.
 32857 | Orc:2    | Found Echaxaruph's Jewellery Emporium.
 32858 | Orc:2    | Found Eqyc's Book Shoppe.
 32858 | Orc:2    | Found Ibuy's General Store.
 32870 | Orc:2    | Bought a scroll of summoning for 133 gold pieces
 32870 | Orc:2    | Bought 3 scrolls of identify for 84 gold pieces
 34454 | D:13     | Found Jomaheem's Assorted Antiques.
 34762 | D:13     | Found a hazy altar of Hepliaklqana.
 34895 | D:13     | Identified the +1 helmet of the Riding Gods {rElec Str+6
                  | SInv}
 35224 | D:13     | Found a gate to the Vaults.
 35224 | D:13     | Noticed a fire giant
 35363 | D:13     | Reached skill level 5 in Earth Magic
 35727 | D:14     | Noticed Agnes
 35734 | D:14     | Killed Agnes
 35735 | D:14     | Reached XP level 15. HP: 58/113 MP: 30/30
 36520 | D:14     | Noticed Rupert
 36521 | D:14     | Paralysed by Rupert for 5 turns
 36629 | D:15     | Entered Level 15 of the Dungeon
 36953 | D:15     | Found a staircase to the Depths.
 37077 | D:15     | Identified the staff of Wrongful Imprisonment {Fly rF+ Conj
                  | Fire}
 37416 | D:15     | Reached skill level 10 in Fighting
 38000 | D:15     | Identified the +0 ring mail "Heucames" {rElec Str-2 Int-4
                  | Stlth+}
 38295 | D:15     | Identified the +1 chain mail of Satisfaction {Str+3 Int+2}
 38849 | Spider:1 | Entered Level 1 of the Spider Nest
 40708 | Spider:1 | Reached skill level 10 in Dodging
 40838 | Shoals:1 | Entered Level 1 of the Shoals
 40838 | Shoals:1 | Noticed Nikola
 40851 | Lair:2   | Killed Nikola
 41069 | Spider:1 | Noticed Donald
 41306 | Spider:1 | Reached skill level 11 in Fighting
 41499 | Spider:1 | Killed Donald
 42030 | Spider:2 | Reached XP level 16. HP: 125/125 MP: 31/31
 42787 | Spider:2 | Noticed Arachne
 42800 | Spider:2 | Killed Arachne
 44910 | Spider:3 | Reached skill level 12 in Fighting
 45333 | Spider:3 | Reached skill level 10 in Armour
 45684 | Spider:4 | Entered Level 4 of the Spider Nest
 46451 | Spider:4 | Acquired a +1 hand cannon of freezing
 46899 | Spider:4 | Reached XP level 17. HP: 125/133 MP: 32/32
 47319 | Spider:4 | Noticed Louise
 47330 | Spider:4 | Banished Louise
 47357 | Spider:4 | Identified the amulet of Paranoia {Faith rN+ Slay+3 Stlth-}
 47732 | Spider:4 | Acquired a +2 heavy hand cannon
 47811 | Spider:4 | Reached skill level 15 in Ranged Weapons
 49188 | Spider:4 | Identified the -2 pair of gloves of the Past {Rampage rPois
                  | Int+3}
 50127 | Spider:4 | Got a gossamer rune of Zot
 50556 | Shoals:1 | Found Meqif's Magic Scroll Shop.
 52085 | Shoals:2 | Reached XP level 18. HP: 123/140 MP: 33/33
 52198 | Shoals:2 | Noticed Polyphemus
 52503 | Shoals:2 | Killed Polyphemus
 53529 | D:3      | Bought a manual of Evocations for 800 gold pieces
 54061 | Shoals:3 | Gained mutation: You cannot voluntarily change form. [Ru
                  | sacrifice]
 54371 | Shoals:3 | Got the Directory of the Niveous Jaunt
 54398 | Shoals:3 | Found a hide-covered altar of Uskayaw.
 54555 | Shoals:3 | Identified the +9 arbalest of the Yoke {drain, Str+6}
 54978 | Shoals:4 | Entered Level 4 of the Shoals
 55019 | Shoals:4 | Noticed Ilsuiw
 56571 | Shoals:4 | Got the Encyclopedia of Burning
 56646 | Shoals:4 | Got a barnacled rune of Zot
 56661 | Shoals:4 | Killed Ilsuiw
 57089 | Shoals:4 | Reached skill level 15 in Evocations
 57147 | Shoals:4 | Reached XP level 19. HP: 148/148 MP: 34/34
 57301 | Shoals:4 | Found Ahumuo's Antique Armour Boutique.
 57309 | Shoals:4 | Bought a slimy robe for 142 gold pieces
 57309 | Shoals:4 | Identified the +2 robe of the Farrier {rF+} (You bought it
                  | in a shop on level 4 of the Shoals)
 57459 | Shoals:4 | Gained mutation: Your magical capacity is low. (-10% MP)
                  | [Ru sacrifice]
 57801 | Vaults:1 | Entered Level 1 of the Vaults
 58705 | Vaults:1 | Reached skill level 13 in Fighting
 58968 | Vaults:1 | Reached skill level 1 in Hexes
 59074 | Vaults:1 | Identified the serpent talisman of Light {rC- Will++ rCorr
                  | Int-3}
 59074 | Vaults:1 | Noticed Aizul
 59084 | Vaults:1 | Killed Aizul
 59424 | Vaults:1 | Identified the +4 robe "Boky" {Str+5}
 59424 | Vaults:1 | Noticed Boris
 59437 | Vaults:1 | Killed Boris
 59844 | Vaults:1 | Reached skill level 5 in Hexes
 59853 | Vaults:1 | Learned a level 4 spell: Dimensional Bullseye
 59857 | Vaults:1 | Learned a level 3 spell: Tukima's Dance
 59960 | Vaults:1 | Got the Almanac of Unholy Mysteries
 60163 | Vaults:2 | Noticed Sojobo
 60171 | Vaults:2 | Paralysed by an air elemental for 1 turns
 60177 | Vaults:2 | Paralysed by an air elemental for 1 turns
 60187 | Vaults:2 | Paralysed by an air elemental for 1 turns
 60193 | Vaults:2 | Paralysed by an air elemental for 1 turns
 60561 | Vaults:2 | Found Kiexa's Book Shoppe.
 60655 | Vaults:2 | Killed Sojobo
 60875 | Vaults:2 | Found Nuarocry's Armour Emporium.
 60927 | Vaults:1 | Gained mutation: Your magical capacity is very low. (-20%
                  | MP) [Ru sacrifice]
 60927 | Vaults:1 | Reached ****** piety under Ru
 61551 | Vaults:2 | Noticed Zenata
 61631 | Vaults:2 | Killed Zenata
 61941 | Vaults:2 | Learned a level 4 spell: Passage of Golubria
 62165 | Vaults:2 | Bought a +2 pair of boots of flying for 301 gold pieces
 62336 | Vaults:2 | Reached XP level 20. HP: 144/146 MP: 28/28
 63505 | Vaults:2 | Bought a book of the Senses for 560 gold pieces
 63511 | Vaults:2 | Learned a level 5 spell: Silence
 63613 | Vaults:3 | Found a staircase to the Crypt.
 63991 | Vaults:3 | Reached skill level 10 in Hexes
 65439 | Vaults:4 | Learned a level 5 spell: Yara's Violent Unravelling
 65477 | Vaults:4 | Reached skill level 1 in Alchemy
 65692 | Vaults:4 | Found Balecof's Antique Weapon Boutique.
 65727 | Vaults:4 | Found Leatuech's Book Shop.
 66042 | Vaults:4 | Reached XP level 21. HP: 163/163 MP: 28/28
 66116 | Vaults:4 | Reached skill level 5 in Alchemy
 66475 | Vaults:4 | Found a transporter.
 66493 | Vaults:4 | Noticed Qimyqihi's ghost (adept VSFi)
 66494 | Vaults:4 | Noticed a dread lich
 66500 | Vaults:4 | Noticed Qecvurom's ghost (adept DrRe)
 66505 | Vaults:4 | Found a transporter.
 66700 | Vaults:4 | Found Zyekkir's Distillery.
 66749 | Vaults:4 | Noticed Margery
 66780 | Vaults:4 | Killed Margery
 67384 | Depths:1 | Entered Level 1 of the Depths
 68126 | Depths:1 | Found a one-way gateway to a ziggurat.
 68279 | Depths:1 | Found Fuekkoiz's Antique Weapon Shoppe.
 69148 | Depths:1 | Found a gateway to Hell.
 69418 | Depths:2 | Found a one-way gate leading to the halls of Pandemonium.
 69971 | Depths:2 | Reached XP level 22. HP: 171/171 MP: 29/29
 69979 | Depths:2 | Found a one-way gate to the infinite horrors of the Abyss.
 70147 | Depths:2 | Noticed Bai Suzhen
 70163 | Depths:2 | Killed Bai Suzhen
 70164 | Depths:2 | Reached skill level 14 in Fighting
 70312 | Depths:2 | Found an ornate altar of the Wu Jian Council.
 70376 | Depths:2 | Identified the +4 flail of a bazaar {pain, Dex+5}
 70615 | Depths:2 | Identified the +3 long sword "Iproew" {vamp, rN+ Will+}
 70752 | Depths:3 | Noticed a golden dragon
 70757 | Depths:3 | Killed a golden dragon
 71295 | Depths:3 | Reached XP level 23. HP: 179/179 MP: 30/30
 72106 | Depths:4 | Entered Level 4 of the Depths
 72623 | Depths:3 | HP: 8/179 [poisoned by a spriggan defender]
 73566 | Depths:4 | Found a gate to the Realm of Zot.
 73727 | Depths:4 | Found a shadowy altar of Dithmenos.
 73823 | Depths:4 | Learned a level 7 spell: Enfeeble
 74063 | Elf:1    | Entered Level 1 of the Elven Halls
 74361 | Elf:1    | Found Rorem's Assorted Antiques.
 74364 | Elf:1    | Bought a faintly humming helmet for 323 gold pieces
 74364 | Elf:1    | Identified the +0 helmet of Zivany {+Blink Str+2 Slay-2}
                  | (You bought it in a shop on level 1 of the Elven Halls)
 74467 | Elf:1    | Reached skill level 15 in Hexes
 74940 | Elf:2    | Found Haclieq's Armour Shop.
 75337 | Elf:2    | Found a huge runed translucent gate.
 75337 | Elf:2    | Found a huge runed translucent gate.
 75337 | Elf:2    | Found a huge runed translucent gate.
 75337 | Elf:2    | Found a huge runed translucent gate.
 75337 | Elf:2    | Found a huge runed translucent gate.
 75341 | Elf:2    | Found a huge runed translucent gate.
 75341 | Elf:2    | Found a huge runed translucent gate.
 75342 | Elf:2    | Found a huge runed translucent gate.
 75342 | Elf:2    | Found a huge runed translucent gate.
 75342 | Elf:2    | Found a huge runed translucent gate.
 75342 | Elf:2    | Found a huge runed translucent gate.
 75343 | Elf:2    | Found a huge runed translucent gate.
 75344 | Elf:2    | Found a huge runed translucent gate.
 75345 | Elf:2    | Found a huge runed translucent gate.
 75347 | Elf:2    | Found a huge runed translucent gate.
 75347 | Elf:2    | Found a huge runed translucent gate.
 75350 | Elf:2    | Found a huge runed translucent gate.
 75353 | Elf:2    | Found a huge runed translucent gate.
 75353 | Elf:2    | Found a huge runed translucent gate.
 75354 | Elf:2    | Found a huge runed translucent gate.
 75355 | Elf:2    | Found a huge runed translucent gate.
 75356 | Elf:2    | Found a huge runed translucent gate.
 75357 | Elf:2    | Found a huge runed translucent gate.
 75507 | Elf:2    | Found a huge runed translucent gate.
 75508 | Elf:2    | Found a huge runed translucent gate.
 75509 | Elf:2    | Found a huge runed translucent gate.
 75510 | Elf:2    | Found a huge runed translucent gate.
 75510 | Elf:2    | Found a huge runed translucent gate.
 75523 | Elf:2    | Found a huge runed translucent gate.
 75524 | Elf:2    | Found a huge runed translucent gate.
 75524 | Elf:2    | Found a huge runed translucent gate.
 75524 | Elf:2    | Found a huge runed translucent gate.
 75524 | Elf:2    | Found a huge runed translucent gate.
 75526 | Elf:2    | Found a huge runed translucent gate.
 75527 | Elf:2    | Found a huge runed translucent gate.
 75529 | Elf:2    | Found a huge runed translucent gate.
 75710 | Elf:2    | Found a runed translucent gate.
 75711 | Elf:2    | Found a runed translucent gate.
 75711 | Elf:2    | Found a runed translucent gate.
 75931 | Elf:2    | Reached XP level 24. HP: 97/180 MP: 31/31
 76732 | Elf:3    | Entered Level 3 of the Elven Halls
 77062 | Elf:3    | Found Niumiaqa's Armour Shop.
 77080 | Elf:3    | Found Juzamisch's Antique Weapon Boutique.
 77080 | Elf:3    | Found Afydomel's Book Shop.
 77085 | Elf:3    | Found Fudd's Jewellery Boutique.
 77154 | Elf:3    | Identified the +3 halberd "Orb Guardian's Foe" {speed,
                  | rPois Int+2 Dex+5 SInv}
 77426 | Elf:3    | Identified the ring of Tuehem {rPois rCorr}
 77568 | Elf:3    | Identified the amulet "Nevue" {Fly rC+ rN+ Regen+ Str+3}
 77657 | Elf:3    | Identified the +4 robe of Ubu Mior {Regen+}
 77861 | Elf:3    | Identified the +1 pair of gloves of the Loofah {+Blink
                  | rCorr SInv}
 77884 | Elf:3    | Identified the +6 mace of the Evil Eye {spect, ^Drain rF+++
                  | rC- Dex+2}
 77912 | Elf:3    | Got the Volume of the Mountains
 77913 | Elf:3    | Identified the +1 scale mail of Cemel {rElec Dex+5}
 78767 | Slime:1  | Entered Level 1 of the Pits of Slime
 78882 | Slime:2  | Gained mutation: Your spells are a little harder to cast,
                  | but a little more powerful. [a shining eye]
 78884 | Slime:2  | Lost mutation: Your spells are a little harder to cast, but
                  | a little more powerful. [a shining eye]
 78886 | Slime:2  | Gained mutation: You occasionally lose the ability to read
                  | scrolls when taking damage. [a shining eye]
 79223 | Slime:5  | Entered Level 5 of the Pits of Slime
 79399 | Slime:5  | Found the +8 Vampire's Tooth {megavamp}
 79404 | Slime:5  | Reached skill level 15 in Fighting
 80271 | Slime:5  | Noticed the Royal Jelly
 80324 | Slime:5  | Found a viscous altar of Jiyva.
 80362 | Slime:5  | Killed the Royal Jelly
 80807 | Slime:5  | Identified the +4 chain mail "Latablo" {rF+ Will+}
 80822 | Slime:5  | Got a slimy rune of Zot
 80964 | Slime:5  | Identified the +9 mace of Thoughtfulness {distort, Str+5}
 80985 | Slime:5  | Lost mutation: You occasionally lose the ability to read
                  | scrolls when taking damage. [potion of mutation]
 80985 | Slime:5  | Gained mutation: Your body sometimes deteriorates upon
                  | taking damage. [potion of mutation]
 80985 | Slime:5  | Gained mutation: You occasionally shout uncontrollably at
                  | your foes. [potion of mutation]
 81105 | Shoals:1 | Bought a scroll of enchant armour for 150 gold pieces
 81105 | Shoals:1 | Bought a scroll of teleportation for 60 gold pieces
 81105 | Shoals:1 | Bought a scroll of fog for 80 gold pieces
 81105 | Shoals:1 | Bought a scroll of fog for 80 gold pieces
 81105 | Shoals:1 | Bought a scroll of immolation for 80 gold pieces
 81237 | Elf:1    | Bought a potion of haste for 340 gold pieces
 81353 | D:13     | Bought a scroll of silence for 389 gold pieces
 81353 | D:13     | Bought a scroll of fear for 164 gold pieces
 81607 | Vaults:4 | Bought a potion of mutation for 152 gold pieces
 81607 | Vaults:4 | Bought 2 potions of enlightenment for 190 gold pieces
 81607 | Vaults:4 | Bought a potion of curing for 57 gold pieces
 81607 | Vaults:4 | Bought 2 potions of brilliance for 152 gold pieces
 81607 | Vaults:4 | Bought a potion of brilliance for 76 gold pieces
 81607 | Vaults:4 | Bought 2 potions of invisibility for 304 gold pieces
 82033 | Zot:1    | Entered Level 1 of the Realm of Zot
 82391 | Zot:1    | Reached XP level 25. HP: 195/195 MP: 31/31
 82890 | Zot:2    | Noticed an orb of fire
 83542 | Zot:2    | Killed an orb of fire
 83878 | Zot:2    | Identified the staff of Trauma {MP+9 Int+4 Earth}
 84220 | Zot:2    | Gained mutation: You are vulnerable to heat. (rF-)
                  | [mutagenic glow]
 84680 | Zot:2    | Reached skill level 16 in Fighting
 84839 | Zot:2    | Noticed an orb of fire
 84849 | Zot:2    | Lost mutation: Your body sometimes deteriorates upon taking
                  | damage. [an orb of fire]
 84849 | Zot:2    | Gained mutation: You are frail. (-10% HP) [an orb of fire]
 85791 | Zot:2    | Killed an orb of fire
 87684 | Zot:3    | Identified the +5 sling "Raekhu" {heavy, Fly rN+ Str-5
                  | Int+2}
 88738 | Zot:4    | Identified the ring "Toeps" {Ice Int+6 Dex-4}
 88738 | Zot:4    | Noticed Josephina
 89010 | Zot:4    | Noticed an orb of fire
 89074 | Zot:4    | Reached skill level 17 in Fighting
 89180 | Zot:4    | Reached XP level 26. HP: 187/187 MP: 31/31
 89637 | Zot:4    | Reached skill level 15 in Armour
 89643 | Zot:4    | Identified the +10 rapier "Ahad" {venom, Dex+3}
 90530 | Zot:4    | Killed Josephina
 91024 | Zot:4    | Lost mutation: You are frail. (-10% HP) [potion of
                  | mutation]
 91024 | Zot:4    | Lost mutation: You occasionally shout uncontrollably at
                  | your foes. [potion of mutation]
 91024 | Zot:4    | Lost mutation: You are vulnerable to heat. (rF-) [potion of
                  | mutation]
 91024 | Zot:4    | Gained mutation: Your mind is acute. (Int +4, Str/Dex -1)
                  | [potion of mutation]
 91024 | Zot:4    | Gained mutation: You occasionally lose the ability to read
                  | scrolls when taking damage. [potion of mutation]
 91024 | Zot:4    | Gained mutation: You are robust. (+10% HP) [potion of
                  | mutation]
 91569 | Zot:4    | Gained mutation: Your health recovers twice as slowly from
                  | being drained. [an orb of fire]
 91573 | Zot:4    | Gained mutation: You have hidden genetic defects. [an orb
                  | of fire]
 91579 | Zot:4    | Killed an orb of fire
 91603 | Zot:5    | Entered Level 5 of the Realm of Zot
 91660 | Zot:5    | Lost mutation: Your health recovers twice as slowly from
                  | being drained. [potion of mutation]
 91660 | Zot:5    | Lost mutation: You occasionally lose the ability to read
                  | scrolls when taking damage. [potion of mutation]
 91660 | Zot:5    | Gained mutation: You have a pair of small antennae on your
                  | head. [potion of mutation]
 91660 | Zot:5    | Gained mutation: Your muscles are strong. (Str +4, Int/Dex
                  | -1) [potion of mutation]
 91660 | Zot:5    | Gained mutation: Your health recovers twice as slowly from
                  | being drained. [potion of mutation]
 91788 | Zot:5    | Noticed an orb of fire
 91795 | Zot:5    | Lost mutation: Your muscles are strong. (Str +4, Int/Dex
                  | -1) [an orb of fire]
 91796 | Zot:5    | Gained mutation: Armour fits poorly on your strangely
                  | shaped body. [an orb of fire]
 91800 | Zot:5    | Killed an orb of fire
 91927 | Zot:5    | Reached skill level 18 in Fighting
 92205 | Zot:5    | Noticed an orb of fire
 92221 | Zot:5    | Killed an orb of fire
 92222 | Zot:5    | Lost mutation: You are robust. (+10% HP) [potion of
                  | mutation]
 92222 | Zot:5    | Lost mutation: Your health recovers twice as slowly from
                  | being drained. [potion of mutation]
 92222 | Zot:5    | Lost mutation: You have hidden genetic defects. [potion of
                  | mutation]
 92222 | Zot:5    | Gained mutation: Your flesh is heat resistant. (rF+)
                  | [potion of mutation]
 92464 | Zot:5    | Noticed an ancient lich
 92470 | Zot:5    | Killed an ancient lich
 92606 | Zot:5    | Noticed an orb of fire
 92736 | Zot:5    | Gained mutation: Your health recovers twice as slowly from
                  | being drained. [an orb of fire]
 92739 | Zot:5    | Killed an orb of fire
 92850 | Zot:5    | Noticed an orb of fire
 92859 | Zot:5    | Killed an orb of fire
 92974 | Zot:5    | Noticed an orb of fire
 93039 | Zot:5    | Noticed an orb of fire
 93050 | Zot:5    | Noticed an orb of fire
 93314 | Zot:5    | Noticed an ancient lich
 93317 | Zot:5    | Gained mutation: You are frail. (-10% HP) [an orb of fire]
 93319 | Zot:5    | Noticed an orb of fire
 93350 | Zot:5    | Killed an orb of fire
 93351 | Zot:5    | Reached skill level 19 in Fighting
 93438 | Zot:5    | Killed an orb of fire
 93846 | Zot:5    | Killed an ancient lich
 93919 | Zot:5    | Gained mutation: Your magical capacity is extremely low.
                  | (-30% MP) [an orb of fire]
 93927 | Zot:5    | Killed an orb of fire
 94497 | Zot:5    | Killed an orb of fire
 94718 | Zot:5    | Reached skill level 20 in Fighting
 95071 | Zot:5    | Got the Exposition on Unstable Ignition
 95354 | Zot:5    | Got the Orb of Zot
 95375 | Zot:4    | Noticed Tielet Suts the pandemonium lord
 95384 | Zot:4    | Killed Tielet Suts the pandemonium lord
 95390 | Zot:4    | Noticed Kamew the pandemonium lord
 95398 | Zot:4    | Killed Kamew the pandemonium lord
 95589 | Depths:1 | Noticed Wahosen the pandemonium lord
 95634 | D:14     | Noticed Witesa Ymed the pandemonium lord
 96102 | D:$      | Escaped with the Orb!

Illustrated notes

Levels and vault maps discovered:
D:1:      ebering_hopf_link, layout_loops_corners
D:2:      layout_basic, dreamdust_wishing_well, amcnicky_mini_corridor_feature
D:3:      layout_basic, nicolae_shop_vocational, uniq_natasha, uniq_robin
D:4:      layout_basic, mainiacjoe_overflow_surrounded_room, grunt_ministairs_2
D:5:      layout_cave_pools, minitemple, minmay_temple_entry_sparse_star,
          serial_shops, nicolae_shop_gaudy_bauble
D:6:      layout_basic, enter_ossuary_4, corexii_checkpoint,
          kennysheep_generic_room_2
D:7:      layout_cave_pools, enter_bailey_2, uniq_crazy_yiuf_cottage
D:8:      layout_loops_ring
D:9:      layout_irregular_city, chequers_temple_overflow_minitemple,
          kennysheep_another_room
D:10:     layout_roguey, minmay_lair_entry_grove, minmay_orc_entry_temple_small,
          nicolae_trove_entry_diagonal, nicolae_benzene_ring
D:11:     layout_loops_ring, minmay_pinched_square
D:12:     layout_loops_corners
D:13:     layout_irregular_city, hellmonk_vaults_attempted_burglary,
          serial_shops, nicolae_shop_real_fake_doors,
          worldfamousw_hep_ancestral_shrine
D:14:     layout_loops_corners, chequers_serial_rivers_micro_d, uniq_rupert,
          uniq_agnes
D:15:     hangedman_crystal_crosses_colossus [crystal_crosses_arms_four,
          crystal_crosses_arms_two, crystal_crosses_arms_one]
Temple:   nicolae_temple_bog_church
Lair:1:   layout_roguey, gauntlet_entry_generic, grunt_megastairs_3, uniq_harold
Lair:2:   layout_cave_shapes, elwin_shoals_entry_rocks,
          nicolae_spider_entry_tight_spaces, basic_altar, grunt_megastairs_4
Lair:3:   gammafunk_lair_enchanted_lake, layout_small_grid, grunt_megastairs_2
Lair:4:   layout_hall_layers, portal_ice_cave_entry_pillars_1
Lair:5:   due_jungle_book, layout_regular_city, slime_entry_1, basic_altar
Shoals:1: layout_shoals, serial_shops, nicolae_shop_rolling_square, uniq_nikola
Shoals:2: layout_shoals, uniq_polyphemus
Shoals:3: layout_shoals, regret_index_shoals_crete
Shoals:4: shoals_end_grunt_garden, layout_shoals, shoal_ilsuiw, serial_shops,
          shop
Spider:1: layout_spider_delve, drop_trap, uniq_donald
Spider:2: layout_cave_pods, uniq_arachne
Spider:3: layout_spider_delve, nicolae_spider_eight_legs
Spider:4: johnstein_spider_rune_arachne_lair, hangedman_stitches_earthworm,
          uniq_louise
Slime:1:  layout_caves
Slime:2:  layout_caves, cheibrodos_slime_lost_civilization_6
Slime:3:  layout_caves
Slime:4:  layout_caves
Slime:5:  slime_pit_nicolae_jellycorners
Orc:1:    layout_caves, basic_altar, nicolae_orc_quarried_blocks
Orc:2:    st_orc_pillars, layout_diamond_mine
Elf:1:    eino_elf_arrival_shootout, layout_geoelf_grid, serial_shops,
          nicolae_shop_hallway_stairs, nicolae_elf_shapeshifter_party
Elf:2:    nicolae_elf_blades_crystal_corner, layout_onion_city, serial_glass,
          glass_columns_c, glass_columns_a, glass_columns_b, glass_columns_b,
          glass_columns_c, glass_columns_c, glass_columns_b, glass_columns_c,
          serial_shops, nicolae_stop_n_shop_2, door_vault
Elf:3:    grunt_elf_hall_diamonds, layout_rooms, minmay_shoptagon
Vaults:1: v_misc_10, nicolae_vaults_tangram_2, ontoclasm_vaults_bender,
          nicolae_vaults_alarming, nicolae_vaults_little_ls, st_hourglassy,
          nicolae_vaults_tetromino_T_1, nicolae_vaults_trapezoid_lopsided_1,
          grunt_vaults_focal, nicolae_vaults_little_squares_3,
          layout_vaults_omnigrid, uniq_aizul, uniq_boris
Vaults:2: v_misc_1, nicolae_vaults_lightning_bolt, vaults_standard_mumra_x,
          nicolae_vaults_taking_the_gang_shopping, lightli_orcish_oven,
          ontoclasm_vaults_decontamination, nicolae_vaults_diamond_1,
          nicolae_vaults_mini_display_case, layout_vaults_chaotic_city,
          serial_shops, shop, uniq_sojobo, uniq_zenata
Vaults:3: grunt_vaults_trifunnel, nicolae_vaults_trapezoid_lopsided_1,
          nicolae_vaults_six-pack, v_pattern_1, vaults_mumra_minichess,
          minmay_crypt_entry_simple_corners, v_misc_18,
          nicolae_vaults_storage_room_glass, nicolae_vaults_asterisk, st_cells,
          hangedman_vaults_nails, vaults_mumra_chevron, layout_vaults_ring
Vaults:4: nzn_ghost_randoct, vaults_mumra_chevron_long,
          nicolae_vaults_weapon_check, nicolae_vaults_trapezoid_lopsided_2,
          v_misc_5, hangedman_vaults_slice, v_misc_10,
          ontoclasm_vaults_ring_large, ontoclasm_vaults_misaligned,
          nicolae_vaults_cornered_office, nicolae_vaults_circle_grid_b,
          vaults_room_hallway, ontoclasm_vaults_ring_square,
          nicolae_vaults_little_squares_3, ontoclasm_vaults_gateway,
          layout_vaults_omnicross, serial_shops,
          nicolae_shop_competitors_out_of_business, nicolae_shop_rolling_square,
          shop, uniq_margery
Depths:1: layout_honeycomb, enter_ziggurat_b, pf_hell_entry_tar_spiral,
          serial_shops, shop, bh_walls_and_bars, kennysheep_opposing_triangles,
          serial_bayou_shore_b
Depths:2: hangedman_arch_fort, layout_twisted_cross, grunt_hell_entry_dis_old,
          pan_entry, abyss_entry, pdpol_wu_jian_five_deadly_venoms,
          uniq_bai_suzhen
Depths:3: minmay_inside_and_out, layout_cross, abyss_entry,
          pf_vacation_house_of_asmodeus, minmay_misc_feat_rows,
          kennysheep_crisscross
Depths:4: grunt_x_marks_the_spot, layout_cave_pools, minmay_room_of_horrors,
          pan_entry, hell_entry, grunt_dithmenos_smoke_and_mirrors,
          grunt_ministairs_4
Zot:1:    layout_gridlike
Zot:2:    grunt_deathspiral_small, layout_cathedral_of_symmetry
Zot:3:    layout_basic
Zot:4:    layout_onion_interference, uniq_josephina
Zot:5:    layout_twisted_circle

Skill      XL: |  1  2  3  4  5  6  7  8  9 10 11 12 13 14 15 16 17 18 19 20 21 22 23 24 25 26 |
---------------+-------------------------------------------------------------------------------+-----
Ranged Weapons | 4 5 6 7 8 9 11 12 13 14 17 18 | 18.0
Fighting       | 3 4 5 6 8 10 9 11 12 13 14 15 17 20 | 20.4
Stealth        | 1 0 |  0.0
Dodging        | 2 3 5 7 8 10 11 12 13 | 13.3
Armour         | 1 2 6 7 6 8 10 11 12 13 14 16 | 16.0
Evocations     | 5 6 9 11 15 16 17 18 | 18.9
Translocations | 1 5 7 |  7.0
Spellcasting   | 7 11 12 | 12.0
Air Magic      | 4 5 7 |  7.0
Earth Magic    | 5 |  5.0
Hexes          | 7 11 12 15 17 19 | 19.0
Alchemy        | 4 7 |  7.0

Action                     |  1- 3 |  4- 6 |  7- 9 | 10-12 | 13-15 | 16-18 | 19-21 | 22-24 | 25-27 || total
---------------------------+-------+-------+-------+-------+-------+-------+-------+-------+-------++-------
   Fire: Sling             |   170 |   322 |   908 |  3518 |  5374 |  2287 |   700 |       |       || 13279
         Hand cannon       |       |       |       |       |       |  1191 |  1726 |  2512 |  2016 ||  7445
   Cast: Swiftness         |       |       |       |       |     6 |     5 |     1 |     2 |     3 ||    17
         Blink             |       |       |       |       |     5 |     1 |       |       |     1 ||     7
         Passwall          |       |       |       |       |     2 |     7 |       |       |     7 ||    16
         Dimensional Bulls |       |       |       |       |       |       |    44 |    28 |    40 ||   112
         Tukima's Dance    |       |       |       |       |       |       |     4 |       |     1 ||     5
         Silence           |       |       |       |       |       |       |     2 |       |     1 ||     3
         Yara's Violent Un |       |       |       |       |       |       |     2 |     8 |     1 ||    11
         Enfeeble          |       |       |       |       |       |       |       |     4 |    39 ||    43
         Passage of Golubr |       |       |       |       |       |       |       |       |     3 ||     3
 Invoke: Sacrifice Stealth |       |       |     1 |       |       |       |       |       |       ||     1
         Sacrifice Purity  |       |       |       |     1 |       |       |       |       |       ||     1
         Sacrifice Experie |       |       |       |     1 |       |       |       |       |       ||     1
         Draw Out Power    |       |       |       |     2 |       |       |       |       |     1 ||     3
         Sacrifice Skill   |       |       |       |     1 |       |       |       |       |       ||     1
         Reject Sacrifices |       |       |       |       |     3 |       |       |       |       ||     3
         Sacrifice Drink   |       |       |       |       |     1 |       |       |       |       ||     1
         Apocalypse        |       |       |       |       |     3 |     3 |     1 |       |       ||     7
         Power Leap        |       |       |       |       |     3 |     4 |     4 |     4 |     6 ||    21
         Sacrifice Forms   |       |       |       |       |       |     1 |       |       |       ||     1
         Sacrifice Essence |       |       |       |       |       |       |     2 |       |       ||     2
Ability: Invent Gizmo      |       |       |       |       |     1 |       |       |       |       ||     1
  Evoke: Wand              |       |       |     3 |    11 |    16 |       |     3 |     1 |    11 ||    45
         Lightning rod     |       |       |       |     9 |    14 |       |       |       |       ||    23
         Box of beasts     |       |       |       |     2 |     3 |     1 |     2 |     1 |     1 ||    10
         Condenser vane    |       |       |       |       |     3 |       |       |     1 |     1 ||     5
         Phantom mirror    |       |       |       |       |     2 |     3 |       |     1 |       ||     6
    Use: Scroll            |       |       |     1 |    21 |    14 |    14 |     4 |    10 |    11 ||    75
         Potion            |       |       |       |     6 |     3 |     4 |     1 |     2 |     9 ||    25
 Armour: Leather armour    |    11 |    25 |   106 |     3 |    21 |   253 |   364 |   389 |   316 ||  1488
         Ring mail         |       |       |       |   741 |   323 |   450 |       |       |       ||  1514
         Troll leather arm |       |       |       |       |   359 |    24 |       |       |       ||   383
  Dodge: Dodged            |    11 |    31 |   115 |   573 |   723 |   904 |   494 |   457 |   288 ||  3596
         Repelled          |       |       |       |       |    40 |    70 |    84 |    72 |    85 ||   351

Table legend: (Time is in decaauts)
 A = Elapsed time spent in this place.
 B = Non-inter-level travel time spent in this place.
 C = Inter-level travel time spent in this place.
 D = Time resting spent in this place.
 E = Time spent auto-exploring this place.
 F = Levels seen in this place.
 G = Mean time per level.
                   A        B        C        D        E       F      G
               +--------+--------+--------+--------+--------+-----+--------+
         Total |  95957 |  84811 |  11146 |  20831 |  37813 |  55 | 1744.7 |
       Dungeon |  21505 |  17915 |   3590 |   2761 |  10410 |  15 | 1433.7 |
        Temple |     14 |      2 |     12 |      0 |      0 |   1 |   14.0 |
          Lair |  15238 |  13464 |   1774 |   4400 |   4888 |   5 | 3047.6 |
        Shoals |   6904 |   6148 |    756 |   1548 |   2863 |   4 | 1726.0 |
   Spider Nest |   9903 |   9183 |    720 |   3206 |   2887 |   4 | 2475.8 |
    Slime Pits |   2268 |   2199 |     69 |    588 |    747 |   5 |  453.6 |
  Orcish Mines |   2179 |   1928 |    251 |    168 |    820 |   2 | 1089.5 |
   Elven Halls |   4149 |   3701 |    448 |    546 |   2221 |   3 | 1383.0 |
        Vaults |  10001 |   8105 |   1896 |    898 |   4478 |   4 | 2500.2 |
        Depths |   6578 |   5937 |    641 |    419 |   4134 |   4 | 1644.5 |
           Zot |  13411 |  12426 |    985 |   4855 |   3414 |   5 | 2682.2 |
       Ossuary |    613 |    613 |      0 |      0 |    345 |   1 |  613.0 |
        Bailey |   1812 |   1812 |      0 |    916 |    282 |   1 | 1812.0 |
      Ice Cave |   1376 |   1376 |      0 |    522 |    321 |   1 | 1376.0 |
               +--------+--------+--------+--------+--------+-----+--------+

Top non-repeatable levels by time:
  Lair:2: 4769 daAuts
  Lair:1: 4015 daAuts
   Zot:2: 3954 daAuts
Spider:4: 3519 daAuts
   Zot:5: 3302 daAuts
    D:10: 3110 daAuts
   Zot:4: 3086 daAuts
  Lair:3: 2856 daAuts
Shoals:3: 2826 daAuts
Vaults:1: 2791 daAuts
Vaults:2: 2725 daAuts
    D:11: 2660 daAuts
Spider:3: 2630 daAuts
Vaults:3: 2473 daAuts
Spider:2: 2244 daAuts
